 Dungeon Crawl Stone Soup version 0.31.0-12-g77e489cdc1 (webtiles) character file.

Game seed: 6316968045413977781

142 Ekaitz the Conjurer (level 5, -3/40 HPs)
             Began as a Draconian Conjurer on Feb 29, 2024.
             Slain by a lemure (7 damage)
             ... led by Pikel
             ... on level 4 of the Dungeon.
             The game lasted 00:07:16 (4610 turns).

Ekaitz the Conjurer (Draconian Conjurer)            Turns: 4610, Time: 00:07:17

Health: -3/40      AC:  7    Str:  9    XL:     5   Next: 3%
Magic:  2/8        EV: 12    Int: 19    God:
Gold:   91         SH:  0    Dex: 11    Spells: 1/9 levels left

rFire   + . .        s - staff of cold
rCold   + . .        (no shield)
rNeg    . . .        (body armour unavailable)
rPois   .            r - +2 hat
rElec   .            (no cloak)
rCorr   .            (no gloves)
SInv    .            (no boots)
Will    .....        (no amulet)
Stlth   ++           d - ring of protection from fire
HPRegen 0.26/turn    p - ring of flight
MPRegen 0.11/turn

%: no passive effects
@: flying
A: AC +5, unfitting armour, cold-blooded
a: no special abilities


You were on level 4 of the Dungeon.
You visited 1 branch of the dungeon, and saw 4 of its levels.

You collected 91 gold pieces.

Inventory:

Hand Weapons
 h - a +0 dagger
Missiles
 t - 3 poisoned darts
Armour
 q - a scarf of harm
 r - a +2 hat (worn)
Magical Staves
 k - a staff of earth
 s - a staff of cold (weapon)
Jewellery
 d - a ring of protection from fire (left hand)
 p - a ring of flight (right hand)
 v - a ring of see invisible
Wands
 l - a wand of iceblast (11)
 y - a wand of polymorph (4)
Scrolls
 e - 4 scrolls of teleportation {unknown}
 g - 5 scrolls of identify {unknown}
 m - a scroll of enchant armour {unknown}
 n - a scroll of acquirement {unknown}
 u - a scroll of fear {unknown}
Potions
 a - 2 potions of magic
 b - a potion of curing {unknown}
 c - 2 potions of heal wounds {unknown}
 f - 3 potions of mutation {unknown}
 i - 2 potions of resistance {unknown}
 j - a potion of ambrosia {unknown}
 o - a potion of cancellation {unknown}
 w - 2 potions of enlightenment {unknown}
 x - a potion of haste {unknown}
 z - a potion of brilliance {unknown}


   Skills:
 * Level 1.5 Fighting
 * Level 2.2 Dodging
 + Level 1.9 Stealth
 + Level 2.5 Spellcasting
 * Level 5.4 Conjurations
 * Level 0.9 Translocations


You had one spell level left.
You knew the following spells:

 Your Spells              Type           Power      Damage    Failure   Level
a - Magic Dart            Conj           88%        1d7       1%          1
b - Searing Ray           Conj           44%        2d6       2%          2
c - Gell's Gravitas       Tloc           5%         N/A       32%         3
k - Blink                 Tloc           10%        N/A       17%         2

Your spell library contained the following spells:

 Spells                   Type           Power      Damage    Failure   Level
 Slow                     Hex            8%         N/A       16%         1
 Momentum Strike          Conj/Tloc      28%        3d8       7%          2
 Lesser Beckoning         Tloc           10%        N/A       17%         2
 Teleport Other           Tloc           5%         N/A       32%         3
 Iskenderun's Mystic Bla  Conj/Tloc      14%        2d5       41%         4
 Confusing Touch          Hex            2%         N/A       43%         3
 Sigil of Binding         Hex            2%         N/A       43%         3
 Vampiric Draining        Necr           2%         2d6       43%         3
 Fulminant Prism          Conj/Alch      6%         3d7       47%         4


Dungeon Overview and Level Annotations

Branches:
Dungeon (4/15)
 Temple: D:4-7

Altars:
Yredelemnul


Innate Abilities, Weirdness & Mutations

Your plain brown scales are hard. (AC +5)
You cannot fit into any form of body armour.
You are cold-blooded and may be slowed by cold attacks.


Message History

The lemure is moderately wounded.
The lemure hits you.
You hit the lemure but do no damage.
You tail-slap the lemure, but do no damage.
The lemure is moderately wounded.
The lemure barely misses you.
You closely miss the lemure.
The lemure is moderately wounded.
The lemure hits you.
* * * LOW HITPOINT WARNING * * *
You hit the lemure.
The lemure is moderately wounded.
The lemure misses you. The lemure hits you.
* * * LOW HITPOINT WARNING * * *
You barely miss the lemure.
Your tail-slap misses the lemure.
The lemure is moderately wounded.
The lemure barely misses you.
You barely miss the lemure.
The lemure is moderately wounded.
The lemure barely misses you.
You closely miss the lemure.
Your tail-slap misses the lemure.
The lemure is moderately wounded.
The lemure closely misses you.
You miss the lemure.
The lemure is moderately wounded.
The lemure hits you!
* * * LOW HITPOINT WARNING * * *
You hit the lemure. You tail-slap the lemure.
The lemure is moderately wounded.
The lemure closely misses you. x2
You closely miss the lemure.
The lemure is moderately wounded.
The lemure hits you but does no damage.
You closely miss the lemure.
The lemure is moderately wounded.
The lemure hits you but does no damage.
You completely miss the lemure.
The lemure is moderately wounded.
The lemure hits you!
You die...

.######....#......#..#
......#....'......#..#
......######......#..#
..............#####..#
..............'..##..#
..............#......#
..............#.5....#
..............##5##..#
################@##'##
#......# #......#
##.....# #######


You could see 2 lemures.

Vanquished Creatures
  A lemure (D:4)
  2 orc wizards (D:3)
  2 adders
  A dart slug (D:2)
  A ribbon worm (D:3)
  An orc (D:3)
  5 bats
  5 endoplasms
  3 giant cockroaches
  5 goblins
  13 hobgoblins
  4 jackals
  4 quokkas
  6 ball pythons
  4 frilled lizards
  3 kobolds
  4 rats (D:3)
64 creatures vanquished.

Notes
Turn   | Place    | Note
-------+----------+-------------------------------------------
     0 | D:1      | Ekaitz the Draconian Conjurer began the quest for the Orb.
     0 | D:1      | Reached XP level 1. HP: 14/14 MP: 3/3
   351 | D:1      | Reached XP level 2. HP: 22/22 MP: 3/5
   354 | D:1      | Learned a level 2 spell: Searing Ray
  1400 | D:2      | Reached XP level 3. HP: 27/27 MP: 2/6
  1452 | D:2      | Reached skill level 1 in Fighting
  1670 | D:2      | Learned a level 3 spell: Gell's Gravitas
  1777 | D:2      | Found a faded altar of an unknown god.
  2833 | D:3      | Reached skill level 5 in Conjurations
  2893 | D:3      | Reached XP level 4. HP: 14/35 MP: 0/7
  3646 | D:3      | Found a basalt altar of Yredelemnul.
  3952 | D:4      | Reached XP level 5. HP: 40/40 MP: 6/8
  4186 | D:4      | Noticed a lemure
  4344 | D:4      | Noticed a lemure
  4460 | D:4      | Learned a level 2 spell: Blink
  4520 | D:4      | Noticed a lemure
  4520 | D:4      | Noticed a lemure
  4593 | D:4      | Killed a lemure
  4606 | D:4      | HP: 2/40 [lemure[Pikel] (7)]
  4610 | D:4      | Slain by a lemure

Illustrated notes

Levels and vault maps discovered:
D:1:      dpeg_arrival_pits, layout_loops_ring
D:2:      cheibrodos_old_hovel, layout_loops_corners, basic_ecumenical_altar,
          feat_on_display
D:3:      layout_basic, lemuel_coloured_pillars_altar
D:4:      layout_gridville, nicolae_ru_the_path_less_chosen, grunt_decor_cap,
          uniq_pikel

Skill      XL: |  1  2  3 |
---------------+----------+-----
Dodging        | 2 |  2.2
Fighting       | 1 |  1.5
Conjurations   | 5 |  5.4
Stealth        | |  1.9
Spellcasting   | |  2.5
Translocations | |  0.9

Action                     |  1- 3 |  4- 6 || total
---------------------------+-------+-------++-------
  Melee: Dagger            |     1 |       ||     1
         Staff             |       |    18 ||    18
         Unarmed           |       |     3 ||     3
         Tailslap          |       |     3 ||     3
   Cast: Magic Dart        |    81 |    26 ||   107
         Searing Ray       |     7 |    10 ||    17
         Blink             |       |     1 ||     1
 Armour: Skin              |    16 |    32 ||    48
  Dodge: Dodged            |     9 |    34 ||    43
